 Dungeon Crawl Stone Soup version 0.22-b1-26-g9dbaab1 (webtiles) character file.

21 Lilu the Stinger (level 2, -1/11 HPs)
             Began as a Felid Venom Mage on Aug 6, 2018.
             Killed from afar by Sigmund (8 damage)
             ... with a magic dart
             ... on level 2 of the Dungeon.
             The game lasted 00:03:34 (1019 turns).

Lilu the Stinger (Felid Venom Mage)                 Turns: 1019, Time: 00:03:34

Health: -1/11      AC:  1    Str:  4    XL:     2   Next: 65%
Magic:  5/6        EV: 18    Int: 16    God:
Gold:   115        SH:  0    Dex: 16    Spells: 4/5 levels left
                                        Lives:  0   Deaths: 0

rFire    . . .     SeeInvis +   (weapon unavailable)
rCold    . . .     Gourm    .   (shield unavailable)
rNeg     . . .     Faith    +   (armour unavailable)
rPois    .         Spirit   .   (helmet unavailable)
rElec    .         Reflect  .   (cloak unavailable)
rCorr    .         Harm     .   (gloves unavailable)
MR       .....                  (boots unavailable)
Stlth    +++.......             m - amulet of faith
HPRegen  0.03/turn              (no ring)
MPRegen  0.10/turn              (no ring)

@: quick
A: very small, no armour, no weapons or thrown items, stealth, claws 1, fangs 3,
see invisible, carnivore, speed 1, shaggy fur 1, slow metabolism 1, sharp paws
a: no special abilities


You were on level 2 of the Dungeon.
You were very full.

You visited 1 branch of the dungeon, and saw 2 of its levels.

You collected 115 gold pieces.

Inventory:

Jewellery
 m - an amulet of faith (around neck)
Scrolls
 c - a scroll of fear {unknown}
 h - a scroll of magic mapping {unknown}
 i - 2 scrolls of teleportation {unknown}
 l - a scroll of identify {unknown}
Potions
 a - 2 potions of lignification {unknown}
 d - a potion of invisibility {unknown}
 e - a potion of degeneration {unknown}
 f - a potion of magic {unknown}
 g - a potion of heal wounds {unknown}
 j - a potion of might {unknown}
Comestibles
 b - 3 rations


   Skills:
 - Level 2.6 Dodging
 - Level 2.6 Stealth
 - Level 2.0 Spellcasting
 + Level 1.8 Conjurations
 + Level 3.2 Poison Magic


You had 4 spell levels left.
You knew the following spells:

 Your Spells              Type           Power        Failure   Level  Hunger
a - Sting                 Conj/Pois      #...         8%          1    #......

Your spell library contained the following spells:

 Spells                   Type           Power        Failure   Level  Hunger
 Mephitic Cloud           Conj/Pois/Air  #.......     30%         3    ###....
 Venom Bolt               Conj/Pois      #.........   90%         5    ######.
 Olgreb's Toxic Radiance  Pois           ##......     50%         4    #####..
 Poisonous Vapours        Pois/Air       #.....       16%         2    ###....


Dungeon Overview and Level Annotations

Branches:
Dungeon (2/15)

Altars:

Annotations:
D:2 Sigmund


Innate Abilities, Weirdness & Mutations

You cannot wear armour.
You are incapable of wielding weapons or throwing items.
Your paws allow you to move quietly. (Stealth)
You have sharp claws.
You have razor-sharp teeth.
You have supernaturally acute eyesight. (SInv)
You are carnivorous and can eat meat at any time.
You cover ground quickly.
You are covered in fur. (AC +1)
You have a slow metabolism.
Your sharp claws are effective at attacking unaware monsters.


Message History

You're too confused to move!
Sigmund casts a spell at you.
You are more confused.
You bump into the rock wall.
You bump into the rock wall.
Sigmund gestures at you while chanting. The puff of flame misses you.
You bump into the rock wall.
Sigmund gestures at you while chanting. You resist with some effort.
Sigmund points at you and mumbles some strange words.
The magic dart hits you!
You're too confused to move!
Sigmund misses you.
You bump into the rock wall.
Sigmund says, "I'm your fate."
You feel less confused.
Sigmund points at you and mumbles some strange words.
The magic dart hits you!
Ouch! That really hurt!
You die...

#.##..<.........((#
#.###...##.######(#
#.# ##.###....###.#
##.####.# #.......)#
#.......###........#
#..<.>...##.@......#.#
#)######.............#
#.# ####..........#
#.# ##@.......#.# #.#
#...........# ###.###
##.########.## #.....#
#..# .# #.###.# #.##
.# #.# #.# #.# #.###.#
#.# #.....# #.########
###.### #.........


You could see Sigmund.

Vanquished Creatures
  An adder (D:2)
  A giant cockroach (D:1)
  2 goblins
  2 hobgoblins (D:1)
  4 frilled lizards (D:1)
  2 kobolds
  2 rats (D:1)
14 creatures vanquished.

Notes
Turn   | Place    | Note
-------+----------+-------------------------------------------
     0 | D:1      | Lilu the Felid Venom Mage began the quest for the Orb.
     0 | D:1      | Reached XP level 1. HP: 7/7 MP: 4/4
    32 | D:1      | Reached skill level 1 in Conjurations
   393 | D:1      | Reached skill level 3 in Poison Magic
   464 | D:1      | Reached XP level 2. HP: 11/11 MP: 3/6
   892 | D:2      | Noticed Sigmund
  1019 | D:2      | Killed from afar by Sigmund

Skill      XL: |  1 |
---------------+----+-----
Conjurations   | 1 |  1.8
Poison Magic   | 3 |  3.2
Dodging        | |  2.6
Stealth        | |  2.6
Spellcasting   | |  2.0

Action                   || total
-------------------------++-------
Melee: Unarmed           ||     2
       Bite              ||     1
 Cast: Sting             ||    22
  Eat: Chunk             ||     7
Dodge: Dodged            ||     9
